 Dungeon Crawl Stone Soup version 0.30-a0-860-g512cf1e979 (webtiles) character file.

Game seed: 17608881860950075710

84 jimonade the Magician (level 4, -4/33 HPs)
             Began as a Djinni Warper on Mar 7, 2023.
             Shot with a sling bullet by a hobgoblin (7 damage)
             ... on level 3 of the Dungeon.
             The game lasted 00:04:33 (1748 turns).

jimonade the Magician (Djinni Warper)               Turns: 1748, Time: 00:04:33

Health: -4/33      AC:  3    Str: 12    XL:     4   Next: 74%
Gold:   124        EV: 12    Int: 14    God:
                   SH:  0    Dex: 13

rFire   + + .      SeeInvis .    a - +0 spear
rCold   x . .      Faith    .    (no shield)
rNeg    . . .      Spirit   .    b - +0 leather armour
rPois   ∞          Reflect  .    (no helmet)
rElec   .          Rampage  .    u - scarf {shadows}
rCorr   .                        (no gloves)
Will    .....                    (boots unavailable)
Stlth   +                        (no amulet)
HPRegen 0.25/turn                (no ring)
MPRegen 0.00/turn                (no ring)

@: flying
A: sickness immunity, fire resistance 2, cold vulnerability 1, float, innate
caster, HP casting, extra vitality 1
a: no special abilities


You were on level 3 of the Dungeon.
You visited 1 branch of the dungeon, and saw 3 of its levels.

You collected 124 gold pieces.

Inventory:

Hand Weapons
 a - a +0 spear (weapon)
Missiles
 d - 7 boomerangs of dispersal
 r - 3 poisoned darts (quivered)
Armour
 b - a +0 leather armour (worn)
 f - a +0 ring mail
 u - a scarf of shadows (worn)
Magical Staves
 e - a staff of air
Scrolls
 c - a scroll of blinking
 g - 6 scrolls of identify {unknown}
 h - 3 scrolls of fog {unknown}
 n - a scroll of enchant weapon {unknown}
 p - a scroll of enchant armour {unknown}
 q - a scroll of poison {unknown}
 s - a scroll of vulnerability {unknown}
Potions
 i - 2 potions of brilliance {unknown}
 j - 2 potions of heal wounds {unknown}
 k - a potion of curing {unknown}
 l - a potion of degeneration {unknown}
 m - a potion of flight {unknown}
 o - a potion of resistance {unknown}
 t - 2 potions of berserk rage {unknown}


   Skills:
 - Level 2.0 Fighting
 - Level 1.5 Polearms
 - Level 0.7 Throwing
 - Level 1.0 Armour
 - Level 2.1 Dodging
 + Level 4.0 Spellcasting


You knew the following spells:

 Your Spells              Type           Power      Damage    Failure   Level
a - Blink                 Tloc           28%        N/A       7%          2
b - Lesser Beckoning      Tloc           28%        N/A       7%          2
c - Vhi's Electric Charg  Tloc/Air       28%        N/A       14%         3
d - Teleport Other        Tloc           14%        N/A       14%         3
e - Manifold Assault      Tloc           14%        N/A       43%         4
f - Beastly Appendage     Tmut           28%        N/A       4%          1
Your spell library was empty.

Dungeon Overview and Level Annotations

Branches:
Dungeon (3/15)

Altars:


Innate Abilities, Weirdness & Mutations

You are immune to sickness and miasma.
You are immune to poison.
Your flesh is very heat resistant. (rF++)
You are vulnerable to cold. (rC-)
You float through the air rather than walking.
You learn spells naturally, not from books.
Your magical power is your life essence.
You have superior vitality. (+4 MHP)


Message History

The goblin hits you but does no damage.
Found 14 gold pieces.
The goblin wields a +0 sling.
The goblin shoots a sling bullet.
The sling bullet closely misses you.
The goblin shoots a sling bullet.
The sling bullet hits you.
The goblin shoots a sling bullet.
The sling bullet hits you but does no damage.
The hobgoblin shoots a sling bullet.
The sling bullet hits you!
The goblin shoots a sling bullet.
The sling bullet closely misses you.
The hobgoblin shoots a sling bullet.
The sling bullet closely misses you.
The hobgoblin shoots a sling bullet.
The sling bullet closely misses you.
You reach to attack!
You hit the rat.
You kill the rat!
The hobgoblin shoots a sling bullet.
The sling bullet hits you.
You are too injured to fight recklessly!
You are too injured to fight recklessly!
You are too injured to fight recklessly!
The hobgoblin shoots a sling bullet.
The sling bullet hits you!
* * * LOW HITPOINT WARNING * * *
The goblin shoots a sling bullet.
The sling bullet hits you but does no damage.
You are too injured to fight recklessly!
You are too injured to fight recklessly!
You are too injured to fight recklessly!
The hobgoblin shoots a sling bullet.
The sling bullet hits you but does no damage.
You are too injured to fight recklessly!
Reach: a) +0 spear
Press: ? - help, Dir - move target, f - goblin
Aim: a goblin, wielding a +0 sling (about 47% to evade your +0 spear)
You reach to attack!
You hit the goblin but do no damage.
The hobgoblin shoots a sling bullet.
The sling bullet hits you.
* * * LOW HITPOINT WARNING * * *
Reach: a) +0 spear
Press: ? - help, Dir - move target, f/p - goblin
Aim: a goblin, wielding a +0 sling (about 47% to evade your +0 spear)
You reach to attack!
You hit the goblin.
You kill the goblin!
You hear a splash.
The hobgoblin shoots a sling bullet.
The sling bullet hits you!
You die...

#######.##.#.#############
#....#........>.....
#############..####
...$...............
...................
~~~~~~..~~.~~......
≈≈≈~≈~~~~)g~~....~~
≈≈≈≈≈≈≈≈≈≈≈~.....~~
≈≈≈≈≈≈≈≈≈@≈~~....~~
##############++##


You could see a hobgoblin.

Vanquished Creatures
  4 adders
  A worm (D:2)
  2 dart slugs
  2 ball pythons
  6 bats
  2 endoplasms (D:1)
  A giant cockroach (D:2)
  7 goblins
  A hobgoblin (D:2)
  4 jackals
  2 quokkas (D:2)
  3 frilled lizards (D:2)
  3 kobolds (D:2)
  8 rats
46 creatures vanquished.

Notes
Turn   | Place    | Note
-------+----------+-------------------------------------------
     0 | D:1      | jimonade the Djinni Warper began the quest for the Orb.
     0 | D:1      | jimonade set off with the following spells memorised:
                  | Blink, Lesser Beckoning, Vhi's Electric Charge, Teleport
                  | Other, Manifold Assault.
     0 | D:1      | Reached XP level 1. HP: 18/18 MP: 0/0
    91 | D:1      | Reached XP level 2. HP: 23/23 MP: 0/0
   315 | D:1      | Reached skill level 3 in Spellcasting
   581 | D:2      | Reached XP level 3. HP: 28/28 MP: 0/0
   581 | D:2      | Learned a level 1 spell: Beastly Appendage
  1136 | D:2      | Reached XP level 4. HP: 33/33 MP: 0/0
  1385 | D:2      | Reached skill level 4 in Spellcasting
  1570 | D:3      | Noticed an ogre
  1748 | D:3      | Shot with a sling bullet by a hobgoblin

Illustrated notes

Levels and vault maps discovered:
D:1:      scummos_arrival_hexagon, layout_basic
D:2:      layout_basic, minmay_split_cup_small
D:3:      minmay_goblin_kobold_castle, layout_basic, dancing_weapons_uskayaw,
          minmay_cupped

Skill      XL: |  1  2  3  4 |
---------------+-------------+-----
Spellcasting   | 3 4 |  4.0
Fighting       | |  2.0
Polearms       | |  1.5
Throwing       | |  0.7
Armour         | |  1.0
Dodging        | |  2.1

Action                     |  1- 3 |  4- 6 || total
---------------------------+-------+-------++-------
  Melee: Spear             |   131 |    80 ||   211
         Punch             |     1 |       ||     1
         Headbutt          |       |     7 ||     7
   Cast: Blink             |     1 |       ||     1
         Beastly Appendage |       |     6 ||     6
   Stab: Sleeping          |     1 |       ||     1
 Armour: Leather armour    |    43 |    21 ||    64
  Dodge: Dodged            |    69 |    46 ||   115

Table legend: (Time is in decaauts)
 A = Elapsed time spent in this place.
 B = Non-inter-level travel time spent in this place.
 C = Inter-level travel time spent in this place.
 D = Time resting spent in this place.
 E = Time spent auto-exploring this place.
 F = Levels seen in this place.
 G = Mean time per level.
                   A        B        C        D        E       F      G
               +--------+--------+--------+--------+--------+-----+--------+
         Total |   1755 |   1635 |    120 |    151 |   1003 |   3 |  585.0 |
       Dungeon |   1755 |   1635 |    120 |    151 |   1003 |   3 |  585.0 |
               +--------+--------+--------+--------+--------+-----+--------+

Top non-repeatable levels by time:
     D:2: 979 daAuts
     D:1: 639 daAuts
     D:3: 135 daAuts
